Rafales vs Mustangs
(R1)
Created - 20 février 2017 at 19:14
Goals
|
| Rafales |
1 |
1 |
1 |
3 |
| Mustangs |
2 |
3 |
2 |
7 |
|
Shots
|
| Rafales |
15 |
9 |
10 |
34 |
| Mustangs |
12 |
12 |
16 |
40 |
|
1st period
1. Mustangs , J.T. Wyman 11 (Rick Schofield, Eric Gryba) at 6:52
2. Rafales , Mike Zigomanis 37 (Milan Bartovic, Jonas Junland) at 7:49
3. Mustangs , Reilly Smith 23 (Riley Armstrong, Eric Gryba) at 19:04 (PP)
Penalties :
Matt Gilroy (Stf) for Hooking (Minor) at 18:51
2nd period
4. Mustangs , Denis Bodrov 1 (Riley Armstrong, Reilly Smith) at 1:45
5. Mustangs , Jim O'Brien 12 (Jerome Samson) at 7:07
6. Rafales , Michael Bournival 8 (Dan Fritsche, Tim Crowder) at 17:18
7. Mustangs , Jim O'Brien 13 (Jerome Samson, Eric Gryba) at 18:15
Penalties :
Mark Pysyk (Ham) for Hooking (Minor) at 4:08, Connor Murphy (Stf) for Slashing (Double Minor) at 9:22, Bruno Gervais (Stf) for Slashing (Minor) at 19:52
3rd period
8. Mustangs , Reilly Smith 24 (Riley Armstrong) at 8:46 (PP)
9. Mustangs , Jim O'Brien 14 (Cameron Gaunce) at 18:07
10. Rafales , Mike Zigomanis 38 (Milan Bartovic, Cody McLeod) at 18:15
Penalties :
Eric Wellwood (Ham) for Cross-checking (Minor) at 3:02, Jonathan Rheault (Stf) for High sticking (Minor) at 8:42, Bruno Gervais (Stf) for High sticking (Minor) at 15:33
Goalie Stats
John Gibson (Stf), 33 saves from 40 shots - (0,825), L, 18-14-3, 60:00 minutes
Peter Mannino (Ham), 31 saves from 34 shots - (0,912), W, 20-9-6, 60:00 minutes
Players Stats for Rafales
Player Name G A P +/- PIM S H SB GA TA FO MP PP MP PK MP
------------------------------------------------------------------------------------
Bruno Gervais 0 0 0 0 4 1 1 6 2 5 0/0 27:05 2:15 2:00
Cody McLeod 0 1 1 0 0 7 2 0 1 0 3/10 22:59 2:07 3:52
Connor Murphy 0 0 0 -2 4 1 0 1 0 0 0/0 11:31 0:00 0:39
Dan Fritsche 0 1 1 -1 0 2 1 0 0 0 6/7 12:55 0:09 2:27
Jeff Skinner 0 0 0 0 0 0 2 0 1 1 0/0 17:00 1:47 3:13
Johan Ryno 0 0 0 -1 0 1 1 0 0 0 0/0 8:07 0:09 0:00
Jonas Junland 0 1 1 -1 0 1 0 5 0 1 0/0 21:07 1:43 4:39
Jonathan Rheault 0 0 0 0 2 2 0 0 1 0 0/0 12:30 0:00 0:00
Kevin Veilleux 0 0 0 -1 0 1 0 0 0 1 2/4 7:58 0:00 0:00
Marc-André Gragnani 0 0 0 -1 0 2 1 0 0 0 0/0 20:26 1:43 4:06
Mark Fayne 0 0 0 -1 0 1 1 3 0 0 0/0 10:48 0:00 0:28
Matt Gilroy 0 0 0 1 2 0 0 3 0 0 0/0 28:52 2:15 4:20
Michael Bournival 1 0 1 -1 0 2 1 1 0 0 0/1 13:03 1:47 1:10
Mike Sislo 0 0 0 -1 0 1 1 0 0 0 0/0 9:31 0:04 1:29
Mike Zigomanis 2 0 2 0 0 6 1 2 0 0 18/37 20:15 2:02 0:38
Milan Bartovic 0 2 2 0 0 5 0 1 0 1 1/2 22:56 2:02 3:55
Nathan Davis 0 0 0 0 0 1 2 0 0 0 9/14 14:18 1:47 0:00
Tim Crowder 0 1 1 -1 0 0 0 1 1 0 0/0 10:19 0:00 0:00
Players Stats for Mustangs
Player Name G A P +/- PIM S H SB GA TA FO MP PP MP PK MP
------------------------------------------------------------------------------------
Alexei Marchenko 0 0 0 0 0 0 0 1 0 1 0/0 10:24 0:00 0:27
Brandon Saad 0 0 0 1 0 0 2 1 0 0 0/1 17:13 3:07 1:15
Cameron Gaunce 0 1 1 3 0 0 2 0 0 0 0/0 26:04 4:27 2:10
Curtis Hamilton 0 0 0 -1 0 4 1 0 0 0 0/2 8:28 0:00 0:00
Danny Biega 0 0 0 -1 0 0 0 0 0 0 0/0 3:14 0:51 0:00
Denis Bodrov 1 0 1 -1 0 1 1 1 1 1 0/0 19:43 3:28 1:48
Dominik Uher 0 0 0 0 0 0 0 0 0 0 0/0 0:54 0:54 0:00
Eric Gryba 0 3 3 3 0 2 1 1 1 0 0/0 26:04 4:27 2:10
Eric Knodel 0 0 0 0 0 0 0 1 0 1 0/0 3:44 0:00 0:00
Eric Wellwood 0 0 0 0 2 2 1 0 1 0 3/5 22:35 4:20 0:56
Francis Paré 0 0 0 -1 0 1 0 0 1 0 0/0 8:28 0:00 0:00
J.T. Wyman 1 0 1 1 0 2 2 0 1 0 0/0 16:06 3:16 0:33
Jerome Samson 0 2 2 2 0 1 1 0 0 0 0/0 10:21 0:38 0:00
Jim O'Brien 3 0 3 2 0 5 0 0 0 0 3/9 11:42 0:00 1:16
Joe Finley 0 0 0 0 0 0 0 1 0 0 0/0 10:34 0:00 0:37
Joshua Leivo 0 0 0 2 0 1 0 0 0 0 0/0 10:52 0:19 0:44
Mark Pysyk 0 0 0 0 2 1 3 1 0 0 0/0 15:37 2:34 0:44
Reilly Smith 2 1 3 0 0 5 5 1 1 1 4/4 21:33 4:20 0:33
Rick Schofield 0 1 1 1 0 1 0 0 2 0 3/8 15:29 3:15 0:00
Riley Armstrong 0 3 3 0 0 11 1 0 1 2 21/40 22:16 3:44 1:55
Riley Nash 0 0 0 -1 0 3 0 0 0 0 2/6 8:28 0:00 0:00
Roman Horak 0 0 0 0 0 0 0 0 0 0 0/0 1:33 0:49 0:44
Scott Mayfield 0 0 0 0 0 0 1 0 0 0 0/0 4:38 0:41 0:00
3 Stars
1 - Jim O'Brien (Ham)
2 - Reilly Smith (Ham)
3 - Eric Gryba (Ham)
Power Play
Rafales - 0 on 2 Attempt(s) - 0,00%
Mustangs - 2 on 7 Attempt(s) - 28,57%
Penalty Kill
Rafales - 5 on 7 Attempt(s) - 71,43%
- Score 0 goal in Penalty Kill
Mustangs - 2 on 2 Attempt(s) - 100,00%
- Score 0 goal in Penalty Kill
Team Stat
Rafales - Hits : 14 - Faceoff Wins : 39 - Blocked Shots : 23 - Penalty Minutes : 12
Mustangs - Hits : 21 - Faceoff Wins : 36 - Blocked Shots : 8 - Penalty Minutes : 4
Official
Referees : StPierre Justin and Hebert Ghislain
Linesman : Vaughan Rody and Pierre Racicot
Game Notes
14:10 of 1st period - Penalty Shot by Cody McLeod for Rafales - Stopped by Peter Mannino
Mark Pysyk is injured at 10:03 of 3rd period (Abdominal Strain)
Jim O'Brien has scored a Hat Trick!
Finance
Level 1 -- Attendance: 1367 (68,35%) -- Ticket Income 54 680 $
Level 2 -- Attendance: 754 (75,40%) -- Ticket Income 15 080 $
Total Attendance: 2121 (70,70%)
Total Ticket Income: 69 760 $
Other Income: 3 488 $
Total Income: 73 248 $
Rafales
5 vs 5 Forward
Center Left Wing Right Wing Time % Phy DF OF
1 Mike Zigomanis Cody McLeod Milan Bartovic 40 0 0 5
2 Nathan Davis Jeff Skinner Jonathan Rheault 30 0 0 5
3 Dan Fritsche Michael Bournival Tim Crowder 20 0 0 5
4 Kevin Veilleux Mike Sislo Johan Ryno 10 0 0 5
5 vs 5 Defense
Defense Defense Time % Phy DF OF
1 Bruno Gervais Matt Gilroy 40 0 3 2
2 Jonas Junland Marc-André Gragnani 30 0 3 2
3 Mark Fayne Connor Murphy 20 0 3 2
4 Bruno Gervais Matt Gilroy 10 0 3 2
PowerPlay Forward
Center Left Wing Right Wing Time % Phy DF OF
1 Mike Zigomanis Cody McLeod Milan Bartovic 60 0 0 5
2 Nathan Davis Jeff Skinner Michael Bournival 40 0 0 5
PowerPlay Defense
Defense Defense Time % Phy DF OF
1 Bruno Gervais Matt Gilroy 60 0 1 4
2 Jonas Junland Marc-André Gragnani 40 0 1 4
Penalty Kill 4 Players Forward
Center Wing Time % Phy DF OF
1 Cody McLeod Milan Bartovic 60 0 4 1
2 Jeff Skinner Mike Sislo 40 0 4 1
Penalty Kill 4 Players Defense
Defense Defense Time % Phy DF OF
1 Bruno Gervais Matt Gilroy 60 0 5 0
2 Jonas Junland Marc-André Gragnani 40 0 5 0
Penalty Kill - 3 Players Forward
Forward Time % Phy DF OF
1 Cody McLeod 60 0 5 0
2 Milan Bartovic 40 0 5 0
Penalty Kill - 3 Players Defense
Defense Defense Time % Phy DF OF
1 Bruno Gervais Matt Gilroy 60 0 5 0
2 Jonas Junland Marc-André Gragnani 40 0 5 0
4 vs 4 Forward
Center Wing Time % Phy DF OF
1 Cody McLeod Mike Zigomanis 60 0 0 5
2 Jeff Skinner Nathan Davis 40 0 0 5
4 vs 4 Defense
Defense Defense Time % Phy DF OF
1 Bruno Gervais Matt Gilroy 60 0 2 3
2 Jonas Junland Marc-André Gragnani 40 0 2 3
Last Minutes Offensive
Center Left Wing Right Wing Defense Defense
Mike Zigomanis Cody McLeod Jeff Skinner Bruno Gervais Matt Gilroy
Last Minutes Defensive
Center Left Wing Right Wing Defense Defense
Dan Fritsche Michael Bournival Milan Bartovic Bruno Gervais Matt Gilroy
Goaltenders
Starting : John Gibson
Backup : Philipp Grubauer
Extra Forwards
Normal : Mike Zigomanis, Cody McLeod, Jeff Skinner - PP : Mike Zigomanis, Cody McLeod - PK : Milan Bartovic
Extra Defensemen
Normal : Bruno Gervais, Matt Gilroy, Connor Murphy - PP : Bruno Gervais - PK : Matt Gilroy, Jonas Junland
Penalty Shots
Cody McLeod, Milan Bartovic, Jeff Skinner, Mike Zigomanis, Nathan Davis
Mustangs
5 vs 5 Forward
Center Left Wing Right Wing Time % Phy DF OF
1 Riley Armstrong Eric Wellwood Reilly Smith 40 1 2 2
2 Rick Schofield Brandon Saad J.T. Wyman 30 1 2 2
3 Jim O'Brien Joshua Leivo Jerome Samson 20 1 2 2
4 Riley Nash Curtis Hamilton Francis Paré 10 1 2 2
5 vs 5 Defense
Defense Defense Time % Phy DF OF
1 Eric Gryba Cameron Gaunce 40 1 2 2
2 Denis Bodrov Mark Pysyk 30 1 2 2
3 Joe Finley Alexei Marchenko 20 1 2 2
4 Eric Knodel Scott Mayfield 10 1 2 2
PowerPlay Forward
Center Left Wing Right Wing Time % Phy DF OF
1 Riley Armstrong Eric Wellwood Reilly Smith 60 1 2 2
2 Rick Schofield Brandon Saad J.T. Wyman 40 1 2 2
PowerPlay Defense
Defense Defense Time % Phy DF OF
1 Eric Gryba Cameron Gaunce 60 1 2 2
2 Denis Bodrov Mark Pysyk 40 1 2 2
Penalty Kill 4 Players Forward
Center Wing Time % Phy DF OF
1 Riley Armstrong Eric Wellwood 60 1 2 2
2 Reilly Smith J.T. Wyman 40 1 2 2
Penalty Kill 4 Players Defense
Defense Defense Time % Phy DF OF
1 Eric Gryba Cameron Gaunce 60 1 2 2
2 Denis Bodrov Mark Pysyk 40 1 2 2
Penalty Kill - 3 Players Forward
Forward Time % Phy DF OF
1 Riley Armstrong 60 1 2 2
2 Eric Wellwood 40 1 2 2
Penalty Kill - 3 Players Defense
Defense Defense Time % Phy DF OF
1 Eric Gryba Cameron Gaunce 60 1 2 2
2 Denis Bodrov Mark Pysyk 40 1 2 2
4 vs 4 Forward
Center Wing Time % Phy DF OF
1 Riley Armstrong Eric Wellwood 60 1 2 2
2 Reilly Smith J.T. Wyman 40 1 2 2
4 vs 4 Defense
Defense Defense Time % Phy DF OF
1 Eric Gryba Cameron Gaunce 60 1 2 2
2 Denis Bodrov Mark Pysyk 40 1 2 2
Last Minutes Offensive
Center Left Wing Right Wing Defense Defense
Riley Armstrong Eric Wellwood Reilly Smith Eric Gryba Cameron Gaunce
Last Minutes Defensive
Center Left Wing Right Wing Defense Defense
Riley Armstrong Eric Wellwood Reilly Smith Eric Gryba Cameron Gaunce
Goaltenders
Starting : Peter Mannino
Backup : Chet Pickard
Extra Forwards
Normal : Roman Horak, Dominik Uher, Jim O'Brien - PP : Roman Horak, Dominik Uher - PK : Jim O'Brien
Extra Defensemen
Normal : Danny Biega, Joe Finley, Alexei Marchenko - PP : Danny Biega - PK : Joe Finley, Alexei Marchenko
Penalty Shots
Riley Armstrong, Eric Wellwood, Reilly Smith, J.T. Wyman, Rick Schofield
% Time on Ice - Rafales
Lines # - Real PCT - Wanted PCT - Time Play
Normal Forward
1 - 36% - 40% - 17:00
2 - 26% - 30% - 12:31
3 - 22% - 20% - 10:19
4 - 17% - 10% - 7:58
Normal Defense
1 - 42% - 40% - 19:58
2 - 31% - 30% - 14:45
3 - 22% - 20% - 10:19
4 - 6% - 10% - 2:46
PP Forward
1 - 55% - 60% - 2:11
2 - 45% - 40% - 1:47
PP Defense
1 - 57% - 60% - 2:15
2 - 43% - 40% - 1:43
PK Forward
1 - 84% - 60% - 6:57
2 - 16% - 40% - 1:17
PK Defense
1 - 61% - 60% - 5:01
2 - 39% - 40% - 3:13
PK3 Forward
1 - 0% - 60%
2 - 0% - 40%
PK3 Defense
1 - 0% - 60%
2 - 0% - 40%
44 Forward
1 - 0% - 60%
2 - 0% - 40%
44 Defense
1 - 0% - 60%
2 - 0% - 40%
Last Minute Offensive - 0:00
Last Minute Defensive - 0:00
Total
Forward - 60:00
Defense - 60:00
|
% Time on Ice - Mustangs
Lines # - Real PCT - Wanted PCT - Time Play
Normal Forward
1 - 36% - 40% - 17:20
2 - 26% - 30% - 12:17
3 - 20% - 20% - 9:43
4 - 18% - 10% - 8:28
Normal Defense
1 - 41% - 40% - 19:40
2 - 30% - 30% - 14:27
3 - 21% - 20% - 9:57
4 - 8% - 10% - 3:44
PP Forward
1 - 60% - 60% - 4:58
2 - 40% - 40% - 3:16
PP Defense
1 - 58% - 60% - 4:46
2 - 42% - 40% - 3:28
PK Forward
1 - 86% - 60% - 3:25
2 - 14% - 40% - 0:33
PK Defense
1 - 55% - 60% - 2:10
2 - 45% - 40% - 1:48
PK3 Forward
1 - 0% - 60%
2 - 0% - 40%
PK3 Defense
1 - 0% - 60%
2 - 0% - 40%
44 Forward
1 - 0% - 60%
2 - 0% - 40%
44 Defense
1 - 0% - 60%
2 - 0% - 40%
Last Minute Offensive - 0:00
Last Minute Defensive - 0:00
Total
Forward - 60:00
Defense - 60:00
|
Play by Play
1st period
0:01 of 1st period - Riley Armstrong wins face-off versus Mike Zigomanis in neutral zone.
0:32 of 1st period - Snap shot by J.T. Wyman.
0:32 of 1st period - Stopped by John Gibson without a rebound.
0:33 of 1st period - Dan Fritsche wins face-off versus Jim O'Brien in Rafales zone.
0:53 of 1st period - Tim Crowder is hit by Jerome Samson and loses puck.
3:05 of 1st period - Mark Pysyk is hit by Bruno Gervais and loses puck.
3:36 of 1st period - Snap shot by Cody McLeod.
3:36 of 1st period - Stopped by Peter Mannino with a rebound.
3:38 of 1st period - Wrist shot by Mike Zigomanis.
3:38 of 1st period - Deflect By Jim O'Brien.
3:38 of 1st period - Stopped by Peter Mannino with a rebound.
3:40 of 1st period - Slapshot by Bruno Gervais.
3:40 of 1st period - Shot Blocked by Eric Knodel.
3:42 of 1st period - Backhand shot by Matt Gilroy.
3:42 of 1st period - Shot Misses the Net.
3:57 of 1st period - Francis Paré is hit by Nathan Davis and loses puck.
4:36 of 1st period - Snap shot by Johan Ryno.
4:36 of 1st period - Stopped by Peter Mannino without a rebound.
4:37 of 1st period - Eric Wellwood wins face-off versus Kevin Veilleux in Mustangs zone.
4:44 of 1st period - Kevin Veilleux is hit by Reilly Smith and loses puck.
5:09 of 1st period - J.T. Wyman is hit by Mike Zigomanis and loses puck.
5:36 of 1st period - Jim O'Brien is hit by Jeff Skinner and loses puck.
6:09 of 1st period - Snap shot by Mike Zigomanis.
6:09 of 1st period - Stopped by Peter Mannino with a rebound.
6:23 of 1st period - Slapshot by Mike Sislo.
6:23 of 1st period - Shot Misses the Net.
6:28 of 1st period - Icing by Eric Gryba.
6:29 of 1st period - Rick Schofield wins face-off versus Mike Zigomanis in Mustangs zone.
6:50 of 1st period - Snap shot by Rick Schofield.
6:50 of 1st period - Shot Blocked by Mike Zigomanis.
6:52 of 1st period - Slapshot by J.T. Wyman.
6:52 of 1st period - Goal by J.T. Wyman - Rafales : 0 - Mustangs : 1.
6:53 of 1st period - Nathan Davis wins face-off versus Riley Armstrong in neutral zone.
7:06 of 1st period - Backhand shot by Riley Armstrong.
7:06 of 1st period - Stopped by John Gibson with a rebound.
7:18 of 1st period - Rick Schofield is hit by Marc-André Gragnani and loses puck.
7:25 of 1st period - Wrist shot by J.T. Wyman.
7:25 of 1st period - Shot Blocked by Michael Bournival.
7:27 of 1st period - Snap shot by Rick Schofield.
7:27 of 1st period - Shot Misses the Net.
7:45 of 1st period - Wrist shot by Milan Bartovic.
7:45 of 1st period - Shot Misses the Net.
7:47 of 1st period - Wrist shot by Milan Bartovic.
7:47 of 1st period - Deflect By Jerome Samson.
7:47 of 1st period - Stopped by Peter Mannino with a rebound.
7:49 of 1st period - Wrist shot by Mike Zigomanis.
7:49 of 1st period - Goal by Mike Zigomanis - Rafales : 1 - Mustangs : 1.
7:50 of 1st period - Riley Armstrong wins face-off versus Mike Zigomanis in neutral zone.
8:22 of 1st period - Off-side.
8:23 of 1st period - Nathan Davis wins face-off versus Riley Armstrong in neutral zone.
8:32 of 1st period - Wrist shot by Nathan Davis.
8:32 of 1st period - Shot Misses the Net.
8:48 of 1st period - Jim O'Brien is hit by Mark Fayne and loses puck.
8:57 of 1st period - Wrist shot by Cody McLeod.
8:57 of 1st period - Stopped by Peter Mannino with a rebound.
8:59 of 1st period - Snap shot by Mike Zigomanis.
8:59 of 1st period - Shot Misses the Net.
9:13 of 1st period - Snap shot by J.T. Wyman.
9:13 of 1st period - Shot Blocked by Bruno Gervais.
9:53 of 1st period - Snap shot by Riley Nash.
9:53 of 1st period - Stopped by John Gibson without a rebound.
9:54 of 1st period - Nathan Davis wins face-off versus Riley Nash in Rafales zone.
10:01 of 1st period - Snap shot by Nathan Davis.
10:01 of 1st period - Stopped by Peter Mannino without a rebound.
10:02 of 1st period - Mike Zigomanis wins face-off versus Riley Armstrong in Mustangs zone.
10:07 of 1st period - Slapshot by Mike Zigomanis.
10:07 of 1st period - Deflect By Milan Bartovic.
10:07 of 1st period - Shot Misses the Net.
10:07 of 1st period - Puck is out of play.
10:08 of 1st period - Mike Zigomanis wins face-off versus Riley Armstrong in Mustangs zone.
10:09 of 1st period - Snap shot by Cody McLeod.
10:09 of 1st period - Deflect By Riley Armstrong.
10:09 of 1st period - Stopped by Peter Mannino with a rebound.
10:15 of 1st period - Slapshot by Riley Armstrong.
10:15 of 1st period - Shot Blocked by Matt Gilroy.
10:17 of 1st period - Snap shot by Eric Wellwood.
10:17 of 1st period - Shot Misses the Net.
10:54 of 1st period - Snap shot by Jim O'Brien.
10:54 of 1st period - Stopped by John Gibson without a rebound.
10:55 of 1st period - Dan Fritsche wins face-off versus Jim O'Brien in Rafales zone.
10:55 of 1st period - Dan Fritsche is hit by Scott Mayfield.
11:03 of 1st period - Slapshot by Dan Fritsche.
11:03 of 1st period - Stopped by Peter Mannino without a rebound.
11:04 of 1st period - Riley Armstrong wins face-off versus Mike Zigomanis in Mustangs zone.
11:15 of 1st period - Wrist shot by Mike Zigomanis.
11:15 of 1st period - Stopped by Peter Mannino without a rebound.
11:16 of 1st period - Riley Armstrong wins face-off versus Mike Zigomanis in Mustangs zone.
11:29 of 1st period - Wrist shot by Riley Armstrong.
11:29 of 1st period - Shot Misses the Net.
11:41 of 1st period - Jonathan Rheault is hit by Brandon Saad and loses puck.
11:48 of 1st period - Snap shot by J.T. Wyman.
11:48 of 1st period - Shot Misses the Net.
12:22 of 1st period - Snap shot by Riley Nash.
12:22 of 1st period - Shot Misses the Net.
12:30 of 1st period - Wrist shot by Johan Ryno.
12:30 of 1st period - Shot Blocked by Joe Finley.
13:10 of 1st period - Snap shot by J.T. Wyman.
13:10 of 1st period - Shot Blocked by Mark Fayne.
13:21 of 1st period - Icing by Rick Schofield.
13:22 of 1st period - Dan Fritsche wins face-off versus Rick Schofield in Mustangs zone.
13:49 of 1st period - Snap shot by Riley Armstrong.
13:49 of 1st period - Stopped by John Gibson with a rebound.
13:53 of 1st period - Snap shot by Riley Armstrong.
13:53 of 1st period - Stopped by John Gibson with a rebound.
13:55 of 1st period - Slapshot by Eric Wellwood.
13:55 of 1st period - Deflect By Riley Armstrong.
13:55 of 1st period - Deflect By Nathan Davis.
13:55 of 1st period - Shot Blocked by Mark Fayne.
13:55 of 1st period - Puck is out of play.
13:56 of 1st period - Reilly Smith wins face-off versus Mike Zigomanis in Rafales zone.
14:05 of 1st period - Snap shot by Eric Wellwood.
14:05 of 1st period - Shot Misses the Net.
14:07 of 1st period - Snap shot by Cameron Gaunce.
14:07 of 1st period - Deflect By Eric Wellwood.
14:07 of 1st period - Shot Misses the Net.
14:07 of 1st period - Puck is out of play.
14:08 of 1st period - Mike Zigomanis wins face-off versus Riley Armstrong in Rafales zone.
14:10 of 1st period - Penalty Shot by Cody McLeod for Rafales.
14:10 of 1st period - Backhand shot by Cody McLeod.
14:10 of 1st period - Stopped by Peter Mannino.
14:11 of 1st period - Eric Wellwood wins face-off versus Mike Zigomanis in Rafales zone.
14:38 of 1st period - Jim O'Brien is hit by Michael Bournival and loses puck.
14:47 of 1st period - Snap shot by Jim O'Brien.
14:47 of 1st period - Deflect By Joshua Leivo.
14:47 of 1st period - Stopped by John Gibson without a rebound.
14:48 of 1st period - Rick Schofield wins face-off versus Nathan Davis in Rafales zone.
15:22 of 1st period - Snap shot by Riley Armstrong.
15:22 of 1st period - Stopped by John Gibson with a rebound.
15:24 of 1st period - Snap shot by Reilly Smith.
15:24 of 1st period - Shot Misses the Net.
15:34 of 1st period - Snap shot by Mike Zigomanis.
15:34 of 1st period - Shot Misses the Net.
15:36 of 1st period - Slapshot by Jonas Junland.
15:36 of 1st period - Stopped by Peter Mannino with a rebound.
15:40 of 1st period - Wrist shot by Dan Fritsche.
15:40 of 1st period - Deflect By Michael Bournival.
15:40 of 1st period - Shot Misses the Net.
15:40 of 1st period - Puck is out of play.
15:41 of 1st period - Dan Fritsche wins face-off versus Rick Schofield in Mustangs zone.
16:08 of 1st period - Nathan Davis is hit by Reilly Smith and loses puck.
16:13 of 1st period - Wrist shot by Riley Armstrong.
16:13 of 1st period - Shot Blocked by Matt Gilroy.
16:15 of 1st period - Wrist shot by Reilly Smith.
16:15 of 1st period - Deflect By Riley Armstrong.
16:15 of 1st period - Shot Blocked by Bruno Gervais.
16:15 of 1st period - Puck is out of play.
16:16 of 1st period - Mike Zigomanis wins face-off versus Jim O'Brien in Rafales zone.
16:27 of 1st period - Slapshot by Cody McLeod.
16:27 of 1st period - Stopped by Peter Mannino with a rebound.
16:29 of 1st period - Slapshot by Cody McLeod.
16:29 of 1st period - Stopped by Peter Mannino with a rebound.
16:31 of 1st period - Wrist shot by Milan Bartovic.
16:31 of 1st period - Stopped by Peter Mannino without a rebound.
16:32 of 1st period - Nathan Davis wins face-off versus Riley Armstrong in Mustangs zone.
16:59 of 1st period - Cameron Gaunce is hit by Cody McLeod and loses puck.
17:08 of 1st period - Wrist shot by Rick Schofield.
17:08 of 1st period - Shot Misses the Net.
17:38 of 1st period - Mark Fayne is hit by Mark Pysyk and loses puck.
18:03 of 1st period - Snap shot by Riley Armstrong.
18:03 of 1st period - Stopped by John Gibson without a rebound.
18:04 of 1st period - Mike Zigomanis wins face-off versus Riley Armstrong in Rafales zone.
18:40 of 1st period - Slapshot by J.T. Wyman.
18:40 of 1st period - Deflect By Jonathan Rheault.
18:40 of 1st period - Shot Misses the Net.
18:40 of 1st period - Puck is out of play.
18:41 of 1st period - Jim O'Brien wins face-off versus Mike Zigomanis in Rafales zone.
18:51 of 1st period - Minor Penalty to Matt Gilroy for Hooking.
18:52 of 1st period - Reilly Smith wins face-off versus Cody McLeod in Rafales zone.
18:58 of 1st period - Wrist shot by Reilly Smith.
18:58 of 1st period - Shot Blocked by Jonas Junland.
19:00 of 1st period - Slapshot by Eric Gryba.
19:00 of 1st period - Stopped by John Gibson with a rebound.
19:04 of 1st period - Snap shot by Reilly Smith.
19:04 of 1st period - Goal by Reilly Smith - Rafales : 1 - Mustangs : 2.
19:05 of 1st period - Mike Zigomanis wins face-off versus Riley Armstrong in neutral zone.
19:08 of 1st period - Slapshot by Matt Gilroy.
19:08 of 1st period - Shot Blocked by Eric Gryba.
19:10 of 1st period - Slapshot by Milan Bartovic.
19:10 of 1st period - Shot Misses the Net.
19:12 of 1st period - Slapshot by Mike Zigomanis.
19:12 of 1st period - Deflect By Cody McLeod.
19:12 of 1st period - Shot Blocked by Reilly Smith.
19:12 of 1st period - Puck is out of play.
19:13 of 1st period - Riley Armstrong wins face-off versus Mike Zigomanis in Mustangs zone.
19:20 of 1st period - Slapshot by Cameron Gaunce.
19:20 of 1st period - Shot Blocked by Mike Zigomanis.
19:31 of 1st period - Icing by Eric Wellwood.
19:32 of 1st period - Reilly Smith wins face-off versus Nathan Davis in Mustangs zone.
19:42 of 1st period - Off-side.
19:43 of 1st period - Nathan Davis wins face-off versus Brandon Saad in neutral zone.
Goals for this period are 1 for Rafales vs 2 for Mustangs.
Shots for this period are 15 for Rafales vs 12 for Mustangs.
2nd period
0:01 of 2nd period - Mike Zigomanis wins face-off versus Riley Armstrong in neutral zone.
1:25 of 2nd period - Icing by Eric Gryba.
1:26 of 2nd period - Riley Armstrong wins face-off versus Mike Zigomanis in Mustangs zone.
1:31 of 2nd period - Slapshot by Reilly Smith.
1:31 of 2nd period - Stopped by John Gibson without a rebound.
1:32 of 2nd period - Mike Zigomanis wins face-off versus Riley Armstrong in Rafales zone.
1:43 of 2nd period - Snap shot by Riley Armstrong.
1:43 of 2nd period - Shot Misses the Net.
1:45 of 2nd period - Wrist shot by Denis Bodrov.
1:45 of 2nd period - Goal by Denis Bodrov - Rafales : 1 - Mustangs : 3.
1:46 of 2nd period - Mike Zigomanis wins face-off versus Riley Armstrong in neutral zone.
2:11 of 2nd period - Rick Schofield is hit by Nathan Davis and loses puck.
2:24 of 2nd period - Bruno Gervais is hit by Cameron Gaunce and loses puck.
3:07 of 2nd period - Snap shot by Eric Wellwood.
3:07 of 2nd period - Shot Misses the Net.
3:09 of 2nd period - Slapshot by Reilly Smith.
3:09 of 2nd period - Shot Misses the Net.
3:23 of 2nd period - Snap shot by Mike Zigomanis.
3:23 of 2nd period - Shot Misses the Net.
3:25 of 2nd period - Slapshot by Marc-André Gragnani.
3:25 of 2nd period - Shot Blocked by Alexei Marchenko.
3:27 of 2nd period - Slapshot by Marc-André Gragnani.
3:27 of 2nd period - Stopped by Peter Mannino without a rebound.
3:28 of 2nd period - Mike Zigomanis wins face-off versus Rick Schofield in Mustangs zone.
3:31 of 2nd period - Snap shot by Milan Bartovic.
3:31 of 2nd period - Stopped by Peter Mannino with a rebound.
3:33 of 2nd period - Snap shot by Milan Bartovic.
3:33 of 2nd period - Stopped by Peter Mannino with a rebound.
3:35 of 2nd period - Snap shot by Milan Bartovic.
3:35 of 2nd period - Shot Misses the Net.
3:37 of 2nd period - Wrist shot by Mark Fayne.
3:37 of 2nd period - Shot Misses the Net.
3:39 of 2nd period - Wrist shot by Mike Zigomanis.
3:39 of 2nd period - Shot Blocked by Brandon Saad.
3:41 of 2nd period - Slapshot by Mark Fayne.
3:41 of 2nd period - Stopped by Peter Mannino with a rebound.
3:43 of 2nd period - Snap shot by Milan Bartovic.
3:43 of 2nd period - Shot Misses the Net.
4:08 of 2nd period - Minor Penalty to Mark Pysyk for Hooking.
4:09 of 2nd period - Riley Armstrong wins face-off versus Mike Zigomanis in Mustangs zone.
5:29 of 2nd period - Backhand shot by Jim O'Brien.
5:29 of 2nd period - Shot Hit the Post.
6:03 of 2nd period - Cameron Gaunce is hit by Dan Fritsche and loses puck.
6:08 of 2nd period - Penalty to Mark Pysyk is over, Mark Pysyk is back on ice.
6:24 of 2nd period - Matt Gilroy is hit by Eric Gryba and loses puck.
6:53 of 2nd period - Snap shot by J.T. Wyman.
6:53 of 2nd period - Shot Blocked by Tim Crowder.
6:55 of 2nd period - Slapshot by Brandon Saad.
6:55 of 2nd period - Deflect By Mark Fayne.
6:55 of 2nd period - Shot Misses the Net.
6:55 of 2nd period - Puck is out of play.
6:56 of 2nd period - Jim O'Brien wins face-off versus Dan Fritsche in Rafales zone.
7:05 of 2nd period - Wrist shot by Jim O'Brien.
7:05 of 2nd period - Stopped by John Gibson with a rebound.
7:07 of 2nd period - Snap shot by Jim O'Brien.
7:07 of 2nd period - Goal by Jim O'Brien - Rafales : 1 - Mustangs : 4.
7:08 of 2nd period - Milan Bartovic wins face-off versus Riley Armstrong in neutral zone.
8:19 of 2nd period - Wrist shot by Riley Nash.
8:19 of 2nd period - Shot Misses the Net.
9:03 of 2nd period - Wrist shot by Jonathan Rheault.
9:03 of 2nd period - Stopped by Peter Mannino without a rebound.
9:04 of 2nd period - Rick Schofield wins face-off versus Nathan Davis in Mustangs zone.
9:22 of 2nd period - Double Minor Penalty to Connor Murphy for Slashing.
9:23 of 2nd period - Eric Wellwood wins face-off versus Cody McLeod in Rafales zone.
9:27 of 2nd period - Wrist shot by Riley Armstrong.
9:27 of 2nd period - Stopped by John Gibson without a rebound.
9:28 of 2nd period - Riley Armstrong wins face-off versus Cody McLeod in Rafales zone.
11:23 of 2nd period - Bruno Gervais is hit by J.T. Wyman and loses puck.
12:45 of 2nd period - Mark Pysyk is hit by Cody McLeod and loses puck.
13:22 of 2nd period - Penalty to Connor Murphy is over, Connor Murphy is back on ice.
13:34 of 2nd period - Snap shot by Jonathan Rheault.
13:34 of 2nd period - Stopped by Peter Mannino without a rebound.
13:35 of 2nd period - Mike Zigomanis wins face-off versus Riley Nash in Mustangs zone.
13:51 of 2nd period - Mark Fayne is hit by Curtis Hamilton and loses puck.
14:14 of 2nd period - Slapshot by Curtis Hamilton.
14:14 of 2nd period - Stopped by John Gibson without a rebound.
14:15 of 2nd period - Jim O'Brien wins face-off versus Michael Bournival in Rafales zone.
14:18 of 2nd period - Wrist shot by Jerome Samson.
14:18 of 2nd period - Stopped by John Gibson with a rebound.
14:41 of 2nd period - Bruno Gervais is hit by Cameron Gaunce and loses puck.
15:04 of 2nd period - Slapshot by Milan Bartovic.
15:04 of 2nd period - Deflect By Cody McLeod.
15:04 of 2nd period - Stopped by Peter Mannino without a rebound.
15:05 of 2nd period - Mike Zigomanis wins face-off versus Rick Schofield in Mustangs zone.
15:30 of 2nd period - Milan Bartovic is hit by Denis Bodrov and loses puck.
15:36 of 2nd period - Icing by Jonas Junland.
15:37 of 2nd period - Riley Nash wins face-off versus Mike Zigomanis in Rafales zone.
15:38 of 2nd period - Snap shot by Curtis Hamilton.
15:38 of 2nd period - Stopped by John Gibson without a rebound.
15:39 of 2nd period - Riley Armstrong wins face-off versus Nathan Davis in Rafales zone.
15:40 of 2nd period - Wrist shot by Eric Wellwood.
15:40 of 2nd period - Deflect By Bruno Gervais.
15:40 of 2nd period - Stopped by John Gibson without a rebound.
15:41 of 2nd period - Nathan Davis wins face-off versus Riley Armstrong in Rafales zone.
15:56 of 2nd period - Wrist shot by Nathan Davis.
15:56 of 2nd period - Shot Misses the Net.
16:18 of 2nd period - Snap shot by Brandon Saad.
16:18 of 2nd period - Shot Blocked by Bruno Gervais.
17:08 of 2nd period - Backhand shot by Dan Fritsche.
17:08 of 2nd period - Stopped by Peter Mannino with a rebound.
17:18 of 2nd period - Wrist shot by Michael Bournival.
17:18 of 2nd period - Goal by Michael Bournival - Rafales : 2 - Mustangs : 4.
17:19 of 2nd period - Mike Zigomanis wins face-off versus Riley Armstrong in neutral zone.
18:15 of 2nd period - Wrist shot by Jim O'Brien.
18:15 of 2nd period - Goal by Jim O'Brien - Rafales : 2 - Mustangs : 5.
18:16 of 2nd period - Riley Armstrong wins face-off versus Mike Zigomanis in neutral zone.
18:21 of 2nd period - Snap shot by Eric Wellwood.
18:21 of 2nd period - Deflect By Riley Armstrong.
18:21 of 2nd period - Stopped by John Gibson with a rebound.
18:41 of 2nd period - Bruno Gervais is hit by Mark Pysyk and loses puck.
19:06 of 2nd period - Snap shot by Jim O'Brien.
19:06 of 2nd period - Shot Misses the Net.
19:26 of 2nd period - Snap shot by Francis Paré.
19:26 of 2nd period - Deflect By Curtis Hamilton.
19:26 of 2nd period - Shot Misses the Net.
19:26 of 2nd period - Puck is out of play.
19:27 of 2nd period - Mike Zigomanis wins face-off versus Riley Nash in Rafales zone.
19:41 of 2nd period - Icing by Curtis Hamilton.
19:42 of 2nd period - Nathan Davis wins face-off versus Curtis Hamilton in Mustangs zone.
19:52 of 2nd period - Minor Penalty to Bruno Gervais for Slashing.
19:53 of 2nd period - Reilly Smith wins face-off versus Cody McLeod in Rafales zone.
19:57 of 2nd period - Slapshot by Eric Wellwood.
19:57 of 2nd period - Stopped by John Gibson without a rebound.
19:58 of 2nd period - Cody McLeod wins face-off versus Riley Armstrong in Rafales zone.
Goals for this period are 1 for Rafales vs 3 for Mustangs.
Shots for this period are 9 for Rafales vs 12 for Mustangs.
3rd period
0:01 of 3rd period - Riley Armstrong wins face-off versus Cody McLeod in neutral zone.
0:10 of 3rd period - Snap shot by Riley Armstrong.
0:10 of 3rd period - Shot Misses the Net.
0:12 of 3rd period - Slapshot by Eric Gryba.
0:12 of 3rd period - Shot Blocked by Jonas Junland.
0:14 of 3rd period - Backhand shot by Cameron Gaunce.
0:14 of 3rd period - Shot Blocked by Matt Gilroy.
0:16 of 3rd period - Wrist shot by Riley Armstrong.
0:16 of 3rd period - Shot Blocked by Milan Bartovic.
0:26 of 3rd period - Rick Schofield is hit by Jeff Skinner and loses puck.
0:33 of 3rd period - Slapshot by Cameron Gaunce.
0:33 of 3rd period - Shot Blocked by Jonas Junland.
1:36 of 3rd period - Dan Fritsche is hit by Reilly Smith and loses puck.
1:52 of 3rd period - Penalty to Bruno Gervais is over, Bruno Gervais is back on ice.
2:03 of 3rd period - Snap shot by Bruno Gervais.
2:03 of 3rd period - Stopped by Peter Mannino with a rebound.
2:05 of 3rd period - Slapshot by Connor Murphy.
2:05 of 3rd period - Stopped by Peter Mannino without a rebound.
2:06 of 3rd period - Kevin Veilleux wins face-off versus Jim O'Brien in Mustangs zone.
2:11 of 3rd period - Snap shot by Mike Sislo.
2:11 of 3rd period - Deflect By Kevin Veilleux.
2:11 of 3rd period - Stopped by Peter Mannino without a rebound.
2:12 of 3rd period - Dan Fritsche wins face-off versus Jim O'Brien in Mustangs zone.
2:40 of 3rd period - Slapshot by Mike Zigomanis.
2:40 of 3rd period - Stopped by Peter Mannino with a rebound.
2:42 of 3rd period - Wrist shot by Milan Bartovic.
2:42 of 3rd period - Stopped by Peter Mannino without a rebound.
2:43 of 3rd period - Riley Armstrong wins face-off versus Mike Zigomanis in Mustangs zone.
2:55 of 3rd period - Off-side.
2:56 of 3rd period - Cody McLeod wins face-off versus Riley Armstrong in neutral zone.
3:02 of 3rd period - Minor Penalty to Eric Wellwood for Cross-checking.
3:03 of 3rd period - Mike Zigomanis wins face-off versus Riley Armstrong in Mustangs zone.
4:19 of 3rd period - Marc-André Gragnani is hit by Mark Pysyk and loses puck.
5:02 of 3rd period - Penalty to Eric Wellwood is over, Eric Wellwood is back on ice.
5:08 of 3rd period - Slapshot by Mark Pysyk.
5:08 of 3rd period - Stopped by John Gibson with a rebound.
5:54 of 3rd period - Slapshot by Francis Paré.
5:54 of 3rd period - Shot Blocked by Connor Murphy.
5:56 of 3rd period - Slapshot by Mark Pysyk.
5:56 of 3rd period - Deflect By Francis Paré.
5:56 of 3rd period - Stopped by John Gibson with a rebound.
5:58 of 3rd period - Wrist shot by Curtis Hamilton.
5:58 of 3rd period - Stopped by John Gibson with a rebound.
6:00 of 3rd period - Wrist shot by Mark Pysyk.
6:00 of 3rd period - Deflect By Francis Paré.
6:00 of 3rd period - Shot Blocked by Mark Fayne.
6:00 of 3rd period - Puck is out of play.
6:01 of 3rd period - Riley Nash wins face-off versus Kevin Veilleux in Rafales zone.
6:02 of 3rd period - Wrist shot by Curtis Hamilton.
6:02 of 3rd period - Stopped by John Gibson without a rebound.
6:03 of 3rd period - Kevin Veilleux wins face-off versus Curtis Hamilton in Rafales zone.
6:08 of 3rd period - Joe Finley is hit by Mike Sislo and loses puck.
6:28 of 3rd period - Mike Zigomanis is hit by Riley Armstrong and loses puck.
6:33 of 3rd period - Snap shot by Riley Armstrong.
6:33 of 3rd period - Stopped by John Gibson with a rebound.
6:35 of 3rd period - Slapshot by Riley Armstrong.
6:35 of 3rd period - Shot Misses the Net.
6:37 of 3rd period - Snap shot by Reilly Smith.
6:37 of 3rd period - Deflect By Eric Wellwood.
6:37 of 3rd period - Shot Misses the Net.
6:37 of 3rd period - Puck is out of play.
6:38 of 3rd period - Riley Armstrong wins face-off versus Nathan Davis in Rafales zone.
6:41 of 3rd period - Slapshot by Riley Armstrong.
6:41 of 3rd period - Shot Misses the Net.
6:48 of 3rd period - Off-side.
6:49 of 3rd period - Riley Armstrong wins face-off versus Mike Zigomanis in neutral zone.
6:58 of 3rd period - Snap shot by Mike Zigomanis.
6:58 of 3rd period - Shot Misses the Net.
7:47 of 3rd period - Slapshot by Marc-André Gragnani.
7:47 of 3rd period - Stopped by Peter Mannino with a rebound.
8:03 of 3rd period - Slapshot by Riley Armstrong.
8:03 of 3rd period - Shot Misses the Net.
8:42 of 3rd period - Minor Penalty to Jonathan Rheault for High sticking.
8:43 of 3rd period - Riley Armstrong wins face-off versus Cody McLeod in Rafales zone.
8:44 of 3rd period - Wrist shot by Reilly Smith.
8:44 of 3rd period - Stopped by John Gibson with a rebound.
8:46 of 3rd period - Snap shot by Reilly Smith.
8:46 of 3rd period - Goal by Reilly Smith - Rafales : 2 - Mustangs : 6.
8:47 of 3rd period - Mike Zigomanis wins face-off versus Eric Wellwood in neutral zone.
8:56 of 3rd period - Wrist shot by Riley Armstrong.
8:56 of 3rd period - Stopped by John Gibson without a rebound.
8:57 of 3rd period - Riley Armstrong wins face-off versus Mike Zigomanis in Rafales zone.
9:02 of 3rd period - Wrist shot by Reilly Smith.
9:02 of 3rd period - Shot Blocked by Bruno Gervais.
9:04 of 3rd period - Snap shot by Cameron Gaunce.
9:04 of 3rd period - Deflect By Riley Armstrong.
9:04 of 3rd period - Stopped by John Gibson without a rebound.
9:05 of 3rd period - Riley Armstrong wins face-off versus Mike Zigomanis in Rafales zone.
9:11 of 3rd period - Wrist shot by Riley Armstrong.
9:11 of 3rd period - Stopped by John Gibson with a rebound.
9:13 of 3rd period - Wrist shot by Eric Wellwood.
9:13 of 3rd period - Deflect By Riley Armstrong.
9:13 of 3rd period - Shot Misses the Net.
9:13 of 3rd period - Puck is out of play.
9:14 of 3rd period - Riley Armstrong wins face-off versus Milan Bartovic in Rafales zone.
9:33 of 3rd period - Snap shot by Cody McLeod.
9:33 of 3rd period - Stopped by Peter Mannino with a rebound.
9:43 of 3rd period - Slapshot by Riley Armstrong.
9:43 of 3rd period - Shot Misses the Net.
9:45 of 3rd period - Snap shot by Riley Armstrong.
9:45 of 3rd period - Shot Misses the Net.
9:47 of 3rd period - Snap shot by Riley Armstrong.
9:47 of 3rd period - Shot Misses the Net.
9:49 of 3rd period - Snap shot by Cameron Gaunce.
9:49 of 3rd period - Shot Misses the Net.
9:51 of 3rd period - Slapshot by Eric Gryba.
9:51 of 3rd period - Deflect By Mike Zigomanis.
9:51 of 3rd period - Stopped by John Gibson with a rebound.
9:53 of 3rd period - Wrist shot by Reilly Smith.
9:53 of 3rd period - Deflect By Riley Armstrong.
9:53 of 3rd period - Shot Blocked by Bruno Gervais.
9:53 of 3rd period - Puck is out of play.
9:54 of 3rd period - Nathan Davis wins face-off versus Rick Schofield in Rafales zone.
10:03 of 3rd period - Wrist shot by Jonathan Rheault.
10:03 of 3rd period - Shot Blocked by Mark Pysyk.
10:03 of 3rd period - Mark Pysyk from Mustangs is injured at 10:03 of 3rd period (Abdominal Strain).
10:04 of 3rd period - Cody McLeod wins face-off versus Eric Wellwood in Mustangs zone.
10:39 of 3rd period - Snap shot by Rick Schofield.
10:39 of 3rd period - Stopped by John Gibson with a rebound.
10:55 of 3rd period - Slapshot by Tim Crowder.
10:55 of 3rd period - Shot Misses the Net.
11:16 of 3rd period - Slapshot by Riley Nash.
11:16 of 3rd period - Stopped by John Gibson with a rebound.
11:18 of 3rd period - Slapshot by Joe Finley.
11:18 of 3rd period - Shot Blocked by Jonas Junland.
11:20 of 3rd period - Wrist shot by Riley Nash.
11:20 of 3rd period - Shot Blocked by Jonas Junland.
12:32 of 3rd period - Off-side.
12:33 of 3rd period - Dan Fritsche wins face-off versus Riley Nash in neutral zone.
12:40 of 3rd period - Snap shot by Michael Bournival.
12:40 of 3rd period - Stopped by Peter Mannino with a rebound.
12:56 of 3rd period - Snap shot by Riley Nash.
12:56 of 3rd period - Stopped by John Gibson without a rebound.
12:57 of 3rd period - Riley Armstrong wins face-off versus Mike Zigomanis in Rafales zone.
12:58 of 3rd period - Snap shot by Reilly Smith.
12:58 of 3rd period - Stopped by John Gibson with a rebound.
13:22 of 3rd period - Jonathan Rheault is hit by J.T. Wyman and loses puck.
13:45 of 3rd period - Slapshot by Joshua Leivo.
13:45 of 3rd period - Deflect By Jerome Samson.
13:45 of 3rd period - Shot Misses the Net.
13:45 of 3rd period - Puck is out of play.
13:46 of 3rd period - Mike Zigomanis wins face-off versus Jim O'Brien in Rafales zone.
13:53 of 3rd period - Slapshot by Jonas Junland.
13:53 of 3rd period - Shot Blocked by Denis Bodrov.
14:11 of 3rd period - Marc-André Gragnani is hit by Eric Wellwood.
15:25 of 3rd period - Snap shot by Riley Armstrong.
15:25 of 3rd period - Shot Misses the Net.
15:27 of 3rd period - Snap shot by Eric Wellwood.
15:27 of 3rd period - Shot Blocked by Bruno Gervais.
15:33 of 3rd period - Minor Penalty to Bruno Gervais for High sticking.
15:34 of 3rd period - Riley Armstrong wins face-off versus Cody McLeod in Rafales zone.
16:30 of 3rd period - Mike Sislo is hit by Reilly Smith and loses puck.
16:47 of 3rd period - Marc-André Gragnani is hit by Brandon Saad and loses puck.
17:33 of 3rd period - Penalty to Bruno Gervais is over, Bruno Gervais is back on ice.
17:40 of 3rd period - Cameron Gaunce is hit by Johan Ryno and loses puck.
18:07 of 3rd period - Wrist shot by Jim O'Brien.
18:07 of 3rd period - Goal by Jim O'Brien - Rafales : 2 - Mustangs : 7.
18:08 of 3rd period - Mike Zigomanis wins face-off versus Riley Armstrong in neutral zone.
18:15 of 3rd period - Slapshot by Mike Zigomanis.
18:15 of 3rd period - Goal by Mike Zigomanis - Rafales : 3 - Mustangs : 7.
18:16 of 3rd period - Riley Armstrong wins face-off versus Mike Zigomanis in neutral zone.
19:48 of 3rd period - Marc-André Gragnani is hit by Reilly Smith and loses puck.
19:55 of 3rd period - Wrist shot by Mike Sislo.
19:55 of 3rd period - Stopped by Peter Mannino without a rebound.
19:56 of 3rd period - Nathan Davis wins face-off versus Riley Armstrong in Mustangs zone.
Goals for this period are 1 for Rafales vs 2 for Mustangs.
Shots for this period are 10 for Rafales vs 16 for Mustangs.
Back to the Top